 Dungeon Crawl Stone Soup version 0.25.0-9-g26727b657a (webtiles) character file.

Game seed: 8497098470628279265

93 Lekan the Poker (level 4, 0/31 HPs)
             Began as an Octopode Chaos Knight on June 17, 2020.
             Was a Plaything of Xom.
             Slain by Sigmund
             ... wielding a +0 scythe
              (12 damage)
             ... on level 2 of the Dungeon.
             The game lasted 00:13:22 (1808 turns).

Lekan the Poker (Octopode Chaos Knight)             Turns: 1808, Time: 00:13:23

Health: 0/31       AC:  1    Str: 12    XL:     4   Next: 62%
Magic:  4/4        EV: 14    Int: 14    God:    Xom [......]
Gold:   61         SH:  0    Dex: 11    Spells: 3/3 levels left

rFire    . . .     SeeInvis .   a - +0 spear (chaos)
rCold    . . .     Gourm    .   (no shield)
rNeg     . . .     Faith    .   (helmet restricted)
rPois    .         Spirit   .   (no amulet)
rElec    .         Reflect  .   (no ring)
rCorr    .         Harm     .   (no ring)
MR       .....                  (no ring)
Stlth    ++........             (no ring)
HPRegen  0.10/turn              (no ring)
MPRegen  0.09/turn              (no ring)
                                (no ring)
                                (no ring)

@: no status effects
A: almost no armour, stealthy swim, amphibious, 8 rings, constrict 8, camouflage
1, gelatinous body 1
a: Renounce Religion


You were on level 2 of the Dungeon.
You worshipped Xom.
You were a very special plaything of Xom.
You were not hungry.

You visited 1 branch of the dungeon, and saw 2 of its levels.

You collected 61 gold pieces.

Inventory:

Hand Weapons
 a - a +0 spear of chaos (weapon)
Missiles
 c - 28 stones
 d - 12 poisoned darts (quivered)
 e - a throwing net
Scrolls
 f - a scroll of identify {unknown}
 g - a scroll of remove curse
 h - a scroll of enchant weapon {unknown}
Potions
 i - a potion of lignification {unknown}
Comestibles
 b - 2 rations
 j - a chunk of flesh


   Skills:
 + Level 3.5 Fighting
 + Level 3.5 Polearms
 + Level 2.5 Throwing
 + Level 2.8 Dodging


You had 3 spell levels left.
You didn't know any spells.
Your spell library was empty.

Dungeon Overview and Level Annotations

Branches:
Dungeon (2/15)

Altars:

Annotations:
D:2 Sigmund


Innate Abilities, Weirdness & Mutations

You cannot wear most types of armour.
You are very stealthy in the water. (Stealth+)
You are amphibious.
You can wear up to eight rings at the same time.
You can use your tentacles to constrict eight enemies at once.
Your skin changes colour to match your surroundings (Stealth+).
Your rubbery body absorbs attacks. (AC +1, EV +1)


Message History

Aim: Sigmund, wielding a +0 scythe and wearing a +0 robe (moderately wounded, very poisoned)
You throw a poisoned dart. The poisoned dart hits Sigmund.
Sigmund looks as sick as possible!
Sigmund is moderately wounded.
Xom's power flows through you!
You are now a very special plaything of Xom.
Sigmund hits you with a +0 scythe!
You barely miss Sigmund. You grab Sigmund.
Sigmund is heavily wounded.
You constrict Sigmund.
Sigmund casts a spell.
Sigmund flickers and vanishes!
Deactivating autopickup; reactivate with Ctrl-A.
Throwing (i - inventory. (/) - cycle)
d - 12 poisoned darts (quivered)
Press: ? - help, Shift-Dir - straight line
Okay, then.
You closely miss something. You constrict something.
Your hound bites something. x2; Something hits you!
You die... "This toy is broken."

..........(#
..........###### ....
.........(.....# ...#
#....####.##...# #######
...# ###..####)##(###
#...... ..## ......#(##.#
#...... .... ### #...##.##
###...... ..# .
###{....####........ ..
####@h...#........<..
###.####..........####......
##... ...............###
#######
...#####.##..#.......#
####.............#...#
.................##### ..###
#.....#.####### #.#
##.....#..[....# #..#
#..>.....).....###


You could see a friendly hound (summoned).

Vanquished Creatures
  Robin (D:2)
  3 adders (D:2)
  A worm (D:2)
  A dart slug (D:2)
  A leopard gecko (D:2)
  6 giant cockroaches
  9 goblins
  6 hobgoblins
  3 jackals (D:1)
  A ball python (D:1)
  7 bats
  3 frilled lizards
  5 kobolds
  3 rats
50 creatures vanquished.

Notes
Turn   | Place    | Note
-------+----------+-------------------------------------------
     0 | D:1      | Lekan the Octopode Chaos Knight began the quest for the
                  | Orb.
     0 | D:1      | Reached XP level 1. HP: 16/16 MP: 1/1
   116 | D:1      | Reached XP level 2. HP: 20/21 MP: 2/2
   292 | D:1      | XOM: butterfly on damage
   373 | D:1      | XOM is BORED!
   760 | D:1      | XOM: cloud trail
  1163 | D:2      | Noticed Robin
  1168 | D:2      | Reached XP level 3. HP: 26/26 MP: 3/3
  1200 | D:2      | XOM: divination: detect creatures
  1228 | D:2      | Reached skill level 1 in Throwing
  1237 | D:2      | Reached XP level 4. HP: 5/31 MP: 4/4
  1263 | D:2      | XOM: silly message
  1387 | D:2      | XOM: divination: detect items
  1603 | D:2      | Killed Robin
  1605 | D:2      | XOM: cast spell 'Olgreb's Toxic Radiance'
  1609 | D:2      | XOM: 3-stop teleportation journey
  1793 | D:2      | Noticed Sigmund
  1805 | D:2      | XOM: cast spell 'Call Canine Familiar'
  1808 | D:2      | Slain by Sigmund

Illustrated notes

Levels and vault maps discovered:
D:1:      dpeg_arrival_rhombi, layout_basic
D:2:      layout_rooms, minmay_tetromino_o2, uniq_sigmund, uniq_robin

Skill      XL: |  1  2  3  4 |
---------------+-------------+-----
Throwing       | 1 2 |  2.5
Fighting       | |  3.5
Polearms       | |  3.5
Dodging        | |  2.8

Action                   |  1- 3 |  4- 6 || total
-------------------------+-------+-------++-------
Melee: Spear             |    67 |    23 ||    90
       Constrict         |    17 |     5 ||    22
       Tentacles         |     8 |     3 ||    11
Throw: Dart              |    56 |    38 ||    94
  Use: Scroll            |     4 |       ||     4
  Eat: Chunk             |     1 |       ||     1
       Ration            |       |     1 ||     1
Armor: Skin              |    12 |     2 ||    14
Dodge: Dodged            |    56 |    14 ||    70
